Map: 匹昂台地

Players

平步青云 - Winner!

  • Race: Terran Terran

电脑难度 (极难)

  • Race: Protoss Protoss

VOD

Have the link to the VOD?

Description

Time

  • Played on: Dec. 31, 2015, 8:07 a.m.
  • Length: 15:37
Show
View Real Time Build Order
Export as new Build Order

平步青云 Terran - Winner!

Build Orders:  

Get SALT Encoding   

  12  0:00  SCV  
  13  0:13  SCV  
  14  0:20  Supply Depot  
  14  0:25  SCV  
  15  0:42  SCV  
  16  0:44  Barracks  
  16  0:54  SCV  
  17  1:06  SCV  
  17  1:10  Refinery  
  19  1:18  SCV  
  19  1:30  SCV  
  20  1:36  Supply Depot, Marine  
  21  1:42  SCV  
  21  1:45  Refinery  
  22  1:53  Marine  
  23  1:58  SCV  
  24  2:06  Command Center  
  24  2:10  SCV  
  24  2:11  Marine  
  26  2:22  SCV  
  27  2:27  Factory  
  27  2:29  Marine  
  28  2:34  SCV  
  29  2:46  SCV  
  30  2:51  Supply Depot, Barracks Tech Lab  
  30  3:00  Barracks  
  30  3:03  Orbital Command  
  30  3:13  Bunker  
  30  3:18  Factory Tech Lab  
  30  3:26  SCV  
  31  3:28  SCV  
  32  3:38  SCV, Siege Tank  
  36  3:50  SCV  
  36  3:51  Supply Depot  
  36  3:53  Barracks Reactor  
  37  3:59  Starport  
  37  4:02  SCV  
  38  4:08  SCV  
  39  4:13  Siege Tank  
  39  4:14  SCV  
  43  4:20  SCV  
  43  4:22  Engineering Bay  
  44  4:26  SCV  
  44  4:27  Refinery  
  45  4:32  Refinery  
  45  4:35  SCV  
  47  4:38  SCV  
  47  4:41  Medivac  
  49  4:50  SCV, Siege Tank  
  53  4:56  Marine x2  
  53  4:57  Marauder  
  57  5:02  SCV  
  58  5:07  Terran Infantry Weapons Level 1  
  58  5:10  Concussive Shells  
  58  5:15  SCV  
  59  5:23  SCV  
  59  5:25  Marine x2  
  62  5:31  Supply Depot  
  62  5:52  SCV  
  62  5:53  Marauder  
  62  5:54  Supply Depot, Missile Turret  
  65  5:57  Combat Shields  
  65  6:00  Siege Tank  
  65  6:01  Medivac  
  70  6:15  SCV, Marine x2  
  70  6:16  Supply Depot  
  70  6:18  Marauder  
  75  6:27  SCV  
  75  6:31  Medivac  
  78  6:34  Missile Turret  
  78  6:37  Siege Tank, Marine x2  
  83  6:43  Supply Depot  
  83  6:50  Planetary Fortress  
  83  6:53  Supply Depot  
  83  7:01  Terran Infantry Armor Level 1, Marine  
  83  7:02  Marine  
  83  7:04  Marauder  
  87  7:09  Medivac  
  87  7:10  Siege Tank  
  92  7:16  Stimpack  
  92  7:17  Supply Depot  
  92  7:19  Marine x2  
  94  7:26  Marauder  
  96  7:35  Supply Depot  
  96  7:39  Medivac, Marine x2  
  96  7:40  Supply Depot  
  96  7:42  Siege Tank  
  103  7:47  Marauder  
  105  7:57  Supply Depot, Marine x2  
  107  8:03  Supply Depot  
  107  8:07  Command Center  
  107  8:09  Medivac, Marauder  
  111  8:14  Siege Tank  
  111  8:15  Marine x2  
  116  8:20  Supply Depot  
  116  8:30  Supply Depot, Marauder  
  116  8:32  Marine  
  116  8:33  Marine  
  120  8:39  Medivac  
  122  8:42  Supply Depot  
  122  8:46  Siege Tank  
  125  8:50  Marine x2  
  125  8:51  Marauder  
  125  8:53  Supply Depot  
  129  9:05  Supply Depot  
  129  9:13  Marauder  
  131  9:18  Siege Tank  
  131  9:22  Marine x2  
  136  9:27  Medivac  
  138  9:33  SCV  
  138  9:34  Marauder  
  141  9:40  Marine x2  
  141  9:45  SCV  
  146  9:56  Marauder  
  146  9:57  SCV, Medivac  
  151  10:01  Marine x2  
  153  10:07  Siege Tank  
  153  10:09  SCV  
  155  10:17  Marauder  
  155  10:19  Marine x2  
  159  10:21  SCV  
  160  10:34  SCV  
  161  10:37  Marine x2  
  161  10:38  Marauder  
  161  10:39  Siege Tank  
  168  10:46  SCV  
  169  10:55  Marine  
  170  11:00  Marauder  
  165  11:11  Siege Tank  
  142  11:24  Marine x2  
  142  11:25  Marauder  
  140  11:27  Medivac  
  141  11:42  Marine x2  
  141  11:43  Siege Tank  
  141  11:46  Marauder  
  142  11:57  Medivac  
  133  12:15  Siege Tank  
  115  12:26  Marine x2  
  115  12:27  Marauder  
  108  12:47  Siege Tank, Medivac  
  111  13:20  Marine x2  
  111  13:21  Marauder  
  111  13:22  Siege Tank  
  117  13:41  Marine x2  
  117  13:42  Marauder  
  117  13:44  Medivac  
  123  13:54  Siege Tank  
  126  14:14  Medivac  
  128  14:25  Marine x2  
  128  14:26  Marauder  
  128  14:27  Siege Tank  
  135  14:43  Marine x2  
  135  14:44  Medivac  
  139  14:47  Marauder  
  141  14:59  Siege Tank  
  144  15:14  Marine  
  144  15:15  Marauder, Marine  
Show
View Real Time Build Order
Export as new Build Order

电脑难度 (极难) Protoss 

Build Orders: Zealot Archon 

Get SALT Encoding   

  12  0:01  Probe (Chrono Boost)  
  13  0:11  Probe (Chrono Boost)  
  14  0:21  Pylon  
  14  0:22  Probe (Chrono Boost)  
  15  0:39  Probe (Chrono Boost)  
  16  0:47  Assimilator  
  16  0:49  Probe (Chrono Boost)  
  17  0:50  Gateway  
  17  1:00  Probe (Chrono Boost), Pylon  
  18  1:10  Probe (Chrono Boost)  
  19  1:21  Probe (Chrono Boost)  
  20  1:32  Probe (Chrono Boost)  
  21  1:36  Zealot  
  23  1:40  Cybernetics Core  
  23  1:43  Probe (Chrono Boost)  
  25  1:55  Probe (Chrono Boost)  
  25  1:59  Nexus  
  25  2:14  Gateway  
  25  2:16  Pylon  
  25  2:20  Zealot  
  27  2:23  Warp Gate  
  27  2:27  Probe (Chrono Boost)  
  28  2:38  Probe (Chrono Boost)  
  28  2:39  Assimilator  
  29  2:46  Adept  
  29  2:50  Probe (Chrono Boost)  
  32  3:00  Adept  
  32  3:01  Probe (Chrono Boost)  
  32  3:04  Pylon  
  35  3:12  Probe (Chrono Boost), Adept  
  38  3:24  Stalker  
  40  3:27  Probe (Chrono Boost)  
  40  3:28  Probe (Chrono Boost)  
  42  3:38  Sentry  
  42  3:39  Probe x2 (Chrono Boost)  
  46  3:44  Robotics Facility  
  46  3:50  Probe (Chrono Boost)  
  46  3:51  Probe (Chrono Boost)  
  46  3:52  Adept  
  50  4:02  Probe x2 (Chrono Boost), Adept  
  54  4:12  Pylon  
  54  4:13  Probe (Chrono Boost)  
  54  4:14  Probe (Chrono Boost)  
  57  4:24  Probe (Chrono Boost)  
  57  4:25  Probe (Chrono Boost)  
  57  4:29  Stalker  
  57  4:31  Immortal  
  60  4:34  Pylon  
  60  4:36  Probe x2 (Chrono Boost)  
  66  4:39  Stalker  
  68  4:47  Probe (Chrono Boost)  
  68  4:48  Probe (Chrono Boost)  
  68  4:50  Robotics Facility  
  70  4:54  Stalker  
  72  5:05  Probe (Chrono Boost)  
  72  5:06  Immortal  
  74  5:07  Probe (Chrono Boost)  
  74  5:10  Pylon  
  78  5:15  Pylon  
  78  5:25  Assimilator  
  78  5:27  Twilight Council  
  79  5:29  Probe (Chrono Boost), Assimilator  
  79  5:30  Probe (Chrono Boost)  
  80  5:42  Gateway  
  80  5:48  Probe x2 (Chrono Boost)  
  80  5:49  Pylon  
  82  5:58  Zealot  
  82  5:59  Probe x2 (Chrono Boost)  
  86  6:06  Templar Archives  
  86  6:09  Probe (Chrono Boost)  
  87  6:15  Pylon  
  87  6:24  Forge  
  87  6:26  Pylon  
  87  6:28  Stalker  
  87  6:32  Forge  
  89  6:33  Stalker  
  89  6:38  Stalker  
  93  6:42  Gateway  
  93  6:49  Stalker  
  93  6:53  High Templar  
  97  6:58  Zealot  
  97  7:00  Protoss Ground Weapons Level 1  
  99  7:03  Pylon  
  99  7:05  Photon Cannon  
  99  7:08  Pylon  
  99  7:09  Nexus  
  99  7:10  High Templar  
  99  7:12  Observer  
  102  7:17  Sentry  
  102  7:18  Archon  
  104  7:23  Warp Prism  
  104  7:24  High Templar  
  104  7:28  Photon Cannon  
  108  7:30  Photon Cannon  
  108  7:36  Stalker  
  110  7:41  High Templar  
  112  7:46  Stalker  
  112  7:50  Archon  
  114  7:54  Warp Prism  
  116  8:00  High Templar  
  116  8:01  Pylon  
  118  8:06  Photon Cannon  
  118  8:15  Gateway, High Templar  
  118  8:19  Stalker  
  122  8:22  Probe x2 (Chrono Boost)  
  122  8:23  Probe (Chrono Boost)  
  122  8:24  Stalker  
  127  8:27  Archon  
  127  8:30  Assimilator  
  127  8:34  Probe (Chrono Boost)  
  128  8:36  Pylon  
  128  8:39  Assimilator  
  128  8:40  High Templar  
  130  8:41  Photon Cannon  
  130  8:53  Probe (Chrono Boost)  
  130  8:54  Probe x2 (Chrono Boost), High Templar  
  135  8:57  Nexus, Photon Cannon  
  135  8:59  Pylon  
  135  9:01  Sentry  
  137  9:03  Archon  
  137  9:05  Probe x2 (Chrono Boost)  
  137  9:06  Probe (Chrono Boost)  
  137  9:07  Zealot  
  128  9:10  Zealot x2  
  124  9:23  Zealot  
  126  9:25  High Templar  
  126  9:26  Stalker  
  126  9:28  Zealot  
  126  9:29  Stalker  
  134  9:34  Immortal  
  138  9:40  Immortal  
  138  9:41  High Templar  
  144  9:47  Zealot x2  
  144  9:50  Zealot  
  144  9:51  Archon  
  144  9:52  Pylon  
  150  9:55  Zealot  
  152  10:05  Zealot  
  152  10:06  Photon Cannon, High Templar  
  156  10:09  Immortal  
  156  10:10  Stalker, Photon Cannon  
  156  10:11  Probe x3 (Chrono Boost), High Templar  
  156  10:12  Probe (Chrono Boost)  
  168  10:15  Assimilator  
  168  10:17  Observer  
  168  10:18  Assimilator  
  169  10:22  Probe (Chrono Boost)  
  169  10:23  Probe (Chrono Boost)  
  169  10:24  Probe (Chrono Boost)  
  169  10:27  Pylon  
  172  10:32  Archon  
  172  10:36  Immortal  
  172  10:38  Stalker, Photon Cannon  
  172  10:40  Pylon  
  172  10:41  Stalker  
  180  10:45  Stalker  
  180  10:46  Protoss Ground Armor Level 1  
  180  10:47  Observer  
  180  10:48  Stalker  
  185  10:55  Stalker  
  187  11:00  Zealot  
  187  11:02  Zealot  
  191  11:05  Immortal  
  191  11:06  Zealot  
  191  11:09  Probe (Chrono Boost), Zealot  
  175  11:13  Immortal  
  175  11:16  High Templar  
  141  11:19  Sentry  
  141  11:21  Zealot  
  141  11:25  Adept  
  123  11:28  Zealot  
  123  11:30  Probe (Chrono Boost)  
  120  11:35  Probe (Chrono Boost)  
  120  11:36  Probe (Chrono Boost)  
  120  11:38  Probe (Chrono Boost)  
  116  11:40  Zealot  
  116  11:42  Probe (Chrono Boost), Adept  
  116  11:44  Immortal, High Templar  
  116  11:46  Stalker  
  127  11:47  Probe (Chrono Boost), Zealot  
  127  11:51  Probe (Chrono Boost)  
  127  11:53  Probe (Chrono Boost)  
  115  11:58  Probe (Chrono Boost)  
  115  11:59  Stalker  
  115  12:02  Sentry  
  115  12:03  Probe (Chrono Boost)  
  115  12:04  Probe (Chrono Boost)  
  108  12:12  Stalker  
  109  12:15  Probe (Chrono Boost)  
  109  12:16  Nexus  
  109  12:17  Probe (Chrono Boost)  
  109  12:18  Probe (Chrono Boost)  
  109  12:20  High Templar  
  101  12:23  Zealot  
  101  12:24  High Templar  
  101  12:27  Probe (Chrono Boost)  
  101  12:28  Adept  
  79  12:34  High Templar  
  67  12:43  High Templar  
  65  12:47  Zealot  
  65  12:50  High Templar  
  66  12:53  Stalker, Probe (Chrono Boost)  
  66  12:57  Archon  
  63  13:05  Zealot  
  49  13:06  High Templar  
  51  13:13  Sentry  
  51  13:15  High Templar  
  49  13:21  Sentry  
  49  13:24  Stalker  
  53  13:27  Archon  
  51  13:35  High Templar  
  51  13:36  Adept  
  52  13:42  Stalker  
  52  13:45  Zealot  
  46  13:59  Templar Archives  
  35  14:09  Zealot  
  36  14:12  Probe (Chrono Boost)  
  27  14:19  Zealot  
  27  14:22  Zealot  
  27  14:23  Probe x2 (Chrono Boost)  
  21  14:24  Probe (Chrono Boost)  
  21  14:32  Zealot  
  19  14:38  High Templar  
  17  14:51  Zealot, High Templar  
Tags
 
Add a new tag
Caveats
  • Supply blocks, unpowered buildings, or Contaminate may cause inaccurate times.
  • Supply counts are checked every 10 seconds.